 Dungeon Crawl Stone Soup version 0.30.1-9-gdf580d7c3d (webtiles) character file.

Game seed: 5303747158816028494

225 pkoi the Conjurer (level 5, 0/60 HPs)
             Began as a Draconian Conjurer on Oct 16, 2023.
             Succumbed to an orc wizard's poison
             ... on level 4 of the Dungeon.
             The game lasted 00:05:11 (3395 turns).

pkoi the Conjurer (Draconian Conjurer)              Turns: 3395, Time: 00:05:13

Health: 0/60       AC:  7    Str:  8 (10) XL:     5   Next: 68%
Magic:  3/8        EV: 12    Int: 17 (20) God:
Gold:   198        SH:  0    Dex: 12 (13) Spells: 1/8 levels left

rFire   + . .        c - +0 whip (heavy)
rCold   + . .        (no shield)
rNeg    + . .        (body armour unavailable)
rPois   .            (helmet restricted)
rElec   .            p - scarf "Putt" {rC+ rF+, rN+ Dex+4}
rCorr   .            o - +0 pair of gloves
SInv    .            k - +0 pair of boots
Will    .....        (no amulet) Stlth
                     (no ring)
HPRegen 0.30/turn    (no ring)
MPRegen 0.11/turn

%: no passive effects
@: confused, mighty, berserking (expiring), lethally poisoned (0 -> -8), very
quick
A: AC +5, unfitting armour, cold-blooded, mutation resistance 1
a: no special abilities


You were on level 4 of the Dungeon.
You visited 1 branch of the dungeon, and saw 4 of its levels.

You collected 198 gold pieces.

Inventory:

Hand Weapons
 c - a +0 heavy whip (weapon)
 i - a +0 vampiric dagger
Armour
 k - a +0 pair of boots (worn)
 o - a +0 pair of gloves (worn)
 p - the scarf "Putt" (worn) {rC+ rF+, rN+ Dex+4}
   (You found it on level 3 of the Dungeon)

   Dex:       It affects your dexterity (+4).
   rN:        It protects you from negative energy.
Scrolls
 d - a scroll of fog
 e - a scroll of fear
 h - a scroll of brand weapon
 l - a scroll of teleportation
Potions
 a - a potion of magic
 g - a potion of haste


   Skills:
 + Level 1.4 Fighting
 + Level 2.2 Dodging
 - Level 1.7 Stealth
 + Level 2.4 Spellcasting
 + Level 6.2 Conjurations
 + Level 1.1 Translocations


You had one spell level left.
You knew the following spells:

 Your Spells              Type           Power      Damage    Failure   Level
a - Magic Dart            Conj           92%        1d7       1%          1
b - Searing Ray           Conj           46%        2d6       2%          2
c - Iskenderun's Mystic   Conj/Tloc      14%        2d5       38%         4

Your spell library contained the following spells:

 Spells                   Type           Power      Damage    Failure   Level
 Dazzling Flash           Conj/Hex       24%        N/A       16%         3
 Fulminant Prism          Conj/Hex       6%         3d7       45%         4
 Animate Dead             Necr           2%         N/A       88%         4
 Haunt                    Necr/Summ      1%         N/A       100%        7
 Infestation              Necr           1%         N/A       100%        8


Dungeon Overview and Level Annotations

Branches:
Dungeon (4/15)
 Temple: D:4-7

Altars:

Annotations:
D:4 Blork the orc


Innate Abilities, Weirdness & Mutations

Your plain brown scales are hard. (AC +5)
You cannot fit into any form of body armour.
You are cold-blooded and may be slowed by cold attacks.
You are somewhat resistant to further mutation.


Message History

You hear some strange, mumbled words.
A puff of flame appears from out of thin air!
The puff of flame hits you. You resist.
You're too confused to move!
You feel sick.
You hear some strange, mumbled words.
You are more confused.
You feel sick.
A magic dart appears from out of thin air!
The magic dart hits you.
You feel sick. Something hits you but does no damage.
You are more poisoned.
You miss something.
You feel very sick. Something hits you.
You are lethally poisoned!
It was a potion of might.
You feel very mighty all of a sudden.
* * * LOW HITPOINT WARNING * * *
You feel very sick. Something hits you but does no damage.
* * * LOW HITPOINT WARNING * * *
You feel very sick.
You bump into the rock wall.
* * * LOW HITPOINT WARNING * * *
You feel sick. Something hits you.
* * * LOW HITPOINT WARNING * * *
You are more poisoned.
A red film seems to cover your vision as you go berserk!
You feel yourself moving faster!
You feel mighty!
* * * LOW HITPOINT WARNING * * *
You feel very sick. Something hits you but does no damage.
You bump into the rock wall.
You feel a strong urge to attack something.
* * * LOW HITPOINT WARNING * * *
You feel sick.
You hear some strange, mumbled words.
You are more confused.
You're too confused to move!
You die...

#.#.#
#######.#.#
#.........#
#)###.##### #.#
#.# #.# #.# #.#
#.# #.# #.# #@#
#.# ##.###o#
######..<##o##
.......<.....#
######........#
##†.......#
....)....##
..#.......# #
#...#.#.#


There were no monsters in sight!

Vanquished Creatures
  A hound (D:2)
  An orc priest (D:3)
  4 gnolls
  5 adders
  A worm (D:2)
  3 dart slugs
  6 orcs
  5 ball pythons
  3 bats
  6 endoplasms
  4 goblins
  8 hobgoblins
  2 jackals (D:2)
  7 kobolds
  2 quokkas (D:1)
  2 frilled lizards
  6 rats
66 creatures vanquished.

Notes
Turn   | Place    | Note
-------+----------+-------------------------------------------
     0 | D:1      | pkoi the Draconian Conjurer began the quest for the Orb.
     0 | D:1      | Reached XP level 1. HP: 14/14 MP: 3/3
   402 | D:1      | Reached XP level 2. HP: 20/20 MP: 3/5
   405 | D:1      | Gained mutation: You are somewhat resistant to further
                  | mutation. [potion of mutation]
  1091 | D:2      | Reached skill level 5 in Conjurations
  1147 | D:2      | Reached XP level 3. HP: 26/26 MP: 4/6
  1804 | D:3      | Reached XP level 4. HP: 33/33 MP: 4/7
  1902 | D:2      | Reached skill level 6 in Conjurations
  1983 | D:2      | Learned a level 2 spell: Searing Ray
  1988 | D:2      | Learned a level 4 spell: Iskenderun's Mystic Blast
  2232 | D:3      | Reached XP level 5. HP: 35/39 MP: 1/8
  2440 | D:3      | Reached skill level 1 in Fighting
  2440 | D:3      | Reached skill level 1 in Translocations
  2742 | D:3      | Identified the scarf "Putt" {rC+ rF+, rN+ Dex+4}
  2828 | D:4      | Noticed Blork the orc
  3393 | D:4      | HP: 3/60 [poisoned by an orc wizard]
  3394 | D:4      | HP: 1/60 [poisoned by an orc wizard]
  3395 | D:4      | Succumbed to an orc wizard's poison

Illustrated notes

Levels and vault maps discovered:
D:1:      psy_arrival_wood_between_worlds, layout_basic, minmay_hexomino_f4
D:2:      layout_basic, minmay_misc_feat_columns
D:3:      layout_rooms, serial_glass, glass_columns_a, glass_columns_c,
          item_on_display_a, feat_on_display, minmay_strange_pillars,
          minmay_strange_pillars, grunt_ministairs_14
D:4:      layout_loops_ring, nicolae_uskayaw_dance_hall, st_stairs_11,
          roderic_serpentine_path, kennysheep_dice, uniq_blork_the_orc

Skill      XL: |  1  2  3  4  5 |
---------------+----------------+-----
Conjurations   | 5 6 |  6.2
Dodging        | 2 |  2.2
Fighting       | 1 |  1.4
Translocations | 1 |  1.1
Stealth        | |  1.7
Spellcasting   | |  2.4

Action                     |  1- 3 |  4- 6 || total
---------------------------+-------+-------++-------
  Melee: Whip              |     3 |    12 ||    15
         Tailslap          |     1 |       ||     1
   Cast: Magic Dart        |    61 |    47 ||   108
         Searing Ray       |       |     7 ||     7
    Use: Potion            |     4 |     3 ||     7
         Scroll            |     5 |     4 ||     9
 Armour: Skin              |     7 |    13 ||    20
  Dodge: Dodged            |    13 |    27 ||    40
